Map: Newkirk Precinct TE (Void)

Players

HeroMarine - Winner!

  • Race: Terran Terran
  • Spawn Location: 5:00

Rex

  • Race: Zerg Zerg
  • League: Master
  • Spawn Location: 7:00

Event: NationWars IV

VOD

Have the link to the VOD?

Description

Time

  • Played on: Jan. 3, 2017, 2:58 p.m.
  • Length: 10:35
Show
View Real Time Build Order
Export as new Build Order

HeroMarine Terran - Winner!

Build Orders: Reaper Expand, MMM Bio 

Get SALT Encoding   

  12  0:00  SCV  
  13  0:13  SCV  
  14  0:18  Supply Depot  
  14  0:25  SCV  
  15  0:40  SCV  
  15  0:42  Barracks  
  16  0:44  Refinery  
  16  0:52  SCV  
  17  1:04  SCV  
  18  1:16  SCV  
  19  1:29  Orbital Command, Reaper  
  20  1:41  Command Center  
  20  1:52  Barracks  
  20  1:55  SCV  
  21  2:01  Barracks Reactor  
  21  2:07  SCV  
  22  2:11  Supply Depot  
  22  2:19  SCV, Refinery  
  23  2:32  SCV  
  24  2:38  Marine x2  
  24  2:39  Factory, Barracks Tech Lab  
  26  2:44  SCV  
  27  2:53  Orbital Command  
  27  2:57  SCV  
  28  3:01  Marine, Stimpack  
  28  3:02  Marine  
  28  3:05  Marine  
  31  3:09  SCV  
  32  3:18  SCV  
  33  3:20  Marine x2  
  33  3:21  SCV  
  33  3:26  Starport  
  36  3:27  Factory Reactor  
  36  3:31  SCV  
  36  3:33  SCV  
  38  3:38  Marine x3  
  41  3:42  Supply Depot  
  41  3:45  SCV x2  
  42  3:55  Marine  
  42  3:56  Marine x2  
  42  3:57  SCV  
  46  4:03  SCV  
  46  4:04  Supply Depot  
  46  4:09  Medivac x2  
  51  4:14  SCV  
  51  4:16  Marine, SCV, Supply Depot  
  54  4:21  Refinery  
  54  4:25  Marine x2  
  54  4:26  SCV  
  54  4:28  SCV  
  58  4:34  Engineering Bay  
  58  4:35  Engineering Bay  
  58  4:38  SCV  
  58  4:40  SCV  
  58  4:41  Marine  
  58  4:43  Marine x2  
  63  4:49  Supply Depot  
  63  4:50  SCV  
  63  4:52  SCV, Widow Mine  
  65  4:53  Medivac  
  69  5:01  Terran Infantry Weapons Level 1, Terran Infantry Armor Level 1  
  69  5:04  Marine  
  70  5:07  Supply Depot  
  70  5:11  Combat Shields, Marine x2  
  72  5:24  SCV x2  
  72  5:28  Marine x2  
  72  5:29  Command Center  
  61  5:36  SCV x2  
  61  5:37  Widow Mine  
  61  5:38  Medivac x2  
  68  5:43  Marine  
  68  5:46  Marine  
  68  5:49  Supply Depot  
  70  5:54  Barracks  
  70  6:01  Barracks, Marine x2  
  70  6:03  Barracks  
  72  6:04  Marine  
  72  6:07  SCV x2  
  72  6:09  Factory Reactor, Refinery  
  75  6:13  Armory  
  75  6:18  Starport Reactor  
  75  6:19  Marine  
  75  6:21  Marine  
  75  6:22  Marine  
  75  6:24  SCV x2  
  80  6:36  SCV  
  80  6:37  Marine, SCV  
  80  6:39  Marine  
  84  6:43  Supply Depot  
  84  6:44  Orbital Command, Supply Depot  
  84  6:45  Marine  
  84  6:46  Widow Mine x2  
  89  6:51  Marine, Barracks Reactor x2  
  89  6:52  Marine, Supply Depot  
  91  6:55  Marine  
  91  6:56  SCV x2  
  91  6:57  Marine  
  91  7:00  Terran Infantry Weapons Level 2  
  84  7:08  SCV x2  
  84  7:10  Marine x2  
  84  7:11  Marine  
  84  7:12  Marine  
  84  7:13  Orbital Command  
  84  7:15  Marine  
  85  7:20  Terran Infantry Armor Level 2, SCV  
  85  7:21  Medivac  
  85  7:22  Medivac  
  89  7:28  Marine x5  
  89  7:29  Marine x2  
  96  7:31  Marine  
  96  7:32  SCV  
  96  7:34  Marine  
  99  7:37  SCV  
  99  7:40  SCV  
  99  7:41  Widow Mine  
  99  7:43  Widow Mine  
  105  7:46  Marine x4  
  105  7:47  Marine x2  
  105  7:48  Marine  
  105  7:49  Marine  
  105  7:50  SCV  
  114  7:54  Medivac  
  114  7:56  Medivac  
  116  7:59  Supply Depot  
  116  8:00  Marine  
  116  8:02  Supply Depot  
  116  8:04  Marine, Terran Vehicle And Ship Armor Level 1  
  116  8:05  Marine, Supply Depot  
  119  8:09  Marine x3  
  122  8:14  Marine x3  
  122  8:15  Widow Mine  
  122  8:18  Marauder, Widow Mine  
  131  8:21  Marine  
  131  8:23  Marine  
  133  8:27  Marine x3  
  133  8:32  Marine x2  
  132  8:36  Marine  
  132  8:39  Marine  
  132  8:40  Medivac  
  132  8:41  Marine x2, Medivac  
  126  8:42  Barracks  
  126  8:43  Barracks x2, Widow Mine  
  126  8:45  Marine x2  
  126  8:46  Marine, Widow Mine  
  135  8:50  Marine x2  
  135  8:54  Marine  
  138  8:57  Marine  
  138  8:59  Marine x2  
  138  9:00  Command Center  
  141  9:02  Marine  
  141  9:07  Marine x3  
  141  9:08  Marine  
  146  9:12  Marine  
  146  9:13  Supply Depot  
  146  9:14  Supply Depot, Medivac x2  
  146  9:15  Marine, Widow Mine  
  146  9:17  Marine  
  154  9:23  Marine x2  
  150  9:28  Marine x4  
  154  9:32  Barracks Tech Lab x2, Barracks Reactor  
  154  9:34  Marine  
  155  9:39  Marine x2  
  155  9:44  Marine, Medivac x2  
  147  9:49  Marine x3  
  147  9:51  Marine  
  147  9:52  Marine x4  
  139  9:56  Marine x2  
  139  9:57  Widow Mine  
  135  10:00  Widow Mine  
  135  10:02  Marine  
  135  10:07  Marine x3  
  138  10:09  Marine x3  
  138  10:12  Marine x3  
Show
View Real Time Build Order
Export as new Build Order

Rex Zerg 

Build Orders: Hatch First 

Get SALT Encoding   

  12  0:01  Drone  
  13  0:08  Drone  
  14  0:18  Overlord  
  14  0:24  Extractor  
  14  0:25  Drone  
  15  0:36  Drone x2  
  17  0:54  Hatchery  
  17  0:57  Drone  
  17  0:59  Drone  
  18  1:06  Extractor  
  17  1:14  Spawning Pool  
  17  1:18  Drone  
  17  1:21  Drone  
  18  1:28  Drone  
  19  1:38  Overlord  
  19  2:01  Queen  
  19  2:02  Zergling x4  
  19  2:06  Queen  
  19  2:07  Metabolic Boost  
  25  2:12  Drone  
  25  2:14  Drone  
  27  2:34  Hatchery  
  27  2:36  Spore Crawler  
  25  2:42  Drone x2  
  28  2:47  Drone  
  28  2:49  Queen  
  31  2:55  Overlord  
  31  2:57  Drone  
  32  3:00  Drone  
  32  3:03  Drone  
  34  3:09  Drone x2  
  36  3:16  Drone x3  
  36  3:19  Drone x2  
  41  3:24  Overlord  
  41  3:33  Queen  
  43  3:40  Extractor, Overlord, Queen  
  43  3:49  Drone x2  
  43  3:51  Drone  
  43  3:53  Drone x3  
  50  3:55  Drone  
  50  3:56  Drone  
  50  4:01  Drone  
  50  4:02  Drone  
  53  4:03  Drone  
  53  4:04  Drone  
  53  4:07  Drone  
  53  4:09  Drone  
  57  4:17  Evolution Chamber  
  57  4:19  Evolution Chamber  
  57  4:20  Drone  
  57  4:21  Drone  
  57  4:25  Queen  
  57  4:26  Queen  
  61  4:33  Drone x2  
  61  4:34  Zergling x6  
  66  4:42  Overlord x2  
  66  4:43  Overlord  
  66  4:49  Zerg Melee Weapons Level 1  
  66  4:50  Zerg Ground Armor Level 1  
  66  4:59  Baneling Nest  
  65  5:00  Zergling x4  
  65  5:01  Zergling x10  
  72  5:10  Zergling x14  
  79  5:14  Overlord  
  79  5:16  Overlord  
  79  5:17  Zergling x2  
  67  5:31  Zergling x10  
  67  5:34  Queen x2  
  64  5:36  Lair  
  64  5:38  Zergling x2  
  64  5:39  Zergling x4  
  63  5:44  Drone x4  
  63  5:45  Drone  
  63  5:49  Drone  
  69  5:51  Drone, Baneling x2  
  69  5:53  Spore Crawler  
  69  5:54  Drone  
  69  5:55  Drone  
  71  6:00  Drone  
  72  6:04  Drone  
  72  6:06  Hatchery  
  72  6:08  Drone  
  72  6:11  Drone x4  
  78  6:18  Drone x2  
  78  6:20  Extractor x2, Drone  
  78  6:21  Drone  
  78  6:22  Zergling x2  
  80  6:27  Zergling x2  
  80  6:28  Zergling x2  
  80  6:31  Queen  
  84  6:36  Queen  
  84  6:38  Centrifical Hooks  
  86  6:42  Hatchery, Overseer  
  86  6:46  Zerg Ground Armor Level 2  
  85  6:51  Zergling x8  
  85  6:52  Zergling x6  
  92  6:57  Baneling x2  
  89  7:07  Zergling x2  
  89  7:08  Zergling x12  
  78  7:16  Zerg Melee Weapons Level 2  
  78  7:18  Queen x2  
  82  7:26  Queen x2  
  82  7:29  Baneling x8  
  82  7:40  Overseer  
  82  7:41  Zergling x20  
  82  7:43  Baneling x3  
  92  7:48  Zergling x8  
  96  7:55  Zergling x6  
  96  7:56  Zergling x4  
  101  8:01  Spore Crawler  
  101  8:02  Queen  
  102  8:11  Overlord x4  
  102  8:14  Overlord  
  102  8:29  Queen  
  93  8:41  Zergling x40  
  96  8:42  Zergling x4  
  96  8:47  Drone  
  96  8:48  Drone  
  114  8:58  Zergling x8  
  114  8:59  Zergling x6, Spore Crawler  
  114  9:00  Baneling x10  
  120  9:04  Baneling  
  121  9:10  Zergling x10  
  124  9:23  Zergling x16  
  120  9:31  Baneling x10  
  117  9:34  Zergling x2  
  117  9:35  Zergling x8, Infestation Pit  
  120  9:39  Baneling x5  
  120  9:45  Zergling x14  
  95  9:57  Zergling x2  
  95  9:58  Zergling x14  
  96  10:03  Baneling  
  96  10:04  Baneling x10  
  96  10:06  Zergling x8  
  100  10:12  Zergling x8  
Tags
 
Add a new tag
Caveats
  • Supply blocks, unpowered buildings, or Contaminate may cause inaccurate times.
  • Supply counts are checked every 10 seconds.